 Dungeon Crawl Stone Soup version 0.16-a0-3661-g910cf96 (console) character file.

23 MrRokkomies the Insei (level 3, 0/24 HPs)
             Began as an Octopode Transmuter on Jan 17, 2015.
             Slain by Sigmund
             ... wielding a +0 scythe
              (10 damage)
             ... on level 2 of the Dungeon.
             The game lasted 00:03:22 (1204 turns).

MrRokkomies the Insei (Octopode Transmuter)         Turns: 1204, Time: 00:03:22

Health: 0/24       AC:  2    Str:  9    XL:     3   Next: 0%
Magic:  4/6        EV: 19    Int: 16    God:
Gold:   0          SH:  0    Dex: 17    Spells: 2 memorised, 2 levels left

rFire  . . .     SeeInvis .       - Unarmed
rCold  . . .     Clarity  .     (shield currently unavailable)
rNeg   . . .     SustAb   .     (helmet currently unavailable)
rPois  x         Gourm    .     (no amulet)
rElec  .         Spirit   .     (no ring)
rCorr  .         Warding  .     (no ring)
rMut   .         Stasis   .     (no ring)
MR     .....                    (no ring)
Stlth  ++........               (no ring)
                                (no ring)
                                (no ring)
                                (no ring)

@: spider-form (expiring), not resistant to hostile enchantments, unstealthy
A: almost no armour, amphibious, 8 rings, (constrict 8), (camouflage 0),
(gelatinous body 0)
a: End Transformation


You were on level 2 of the Dungeon.
You were hungry.
You were a venomous arachnid creature.
You visited 1 branch of the dungeon, and saw 2 of its levels.

Inventory:

Missiles
 b - 12 arrows
 f - 20 poisoned needles
Scrolls
 c - 2 scrolls of enchant armour {unknown}
 g - a scroll of teleportation {unknown}
 j - a scroll of recharging {unknown}
 n - a scroll of identify {unknown}
Books
 d - a book of Changes

   Spells                             Type                      Level
   a - Beastly Appendage              Transmutation                1
   b - Sticks to Snakes               Transmutation                2
   c - Spider Form                    Transmutation/Poison         3
   d - Ice Form                       Ice/Transmutation            4
   e - Blade Hands                    Transmutation                5
Comestibles
 a - 3 bread rations
 h - a beef jerky


   Skills:
 * Level 1.8 Fighting
 - Level 2.0 Dodging
 + Level 1.7 Stealth
 * Level 3.4 Unarmed Combat
 - Level 2.0 Spellcasting
 - Level 2.0 Transmutations


You had 2 spell levels left.
You knew the following spells:

 Your Spells              Type           Power        Failure   Level  Hunger
a - Beastly Appendage     Trmt           #.....       24%         1    #......
b - Spider Form           Trmt/Pois      #.........   61%         3    ###....


Dungeon Overview and Level Annotations

Branches:
Dungeon (2/15)

Altars:

Annotations:
D:2 Sigmund


Innate Abilities, Weirdness & Mutations

You cannot wear most types of armour.
You are amphibious.
You can wear up to eight rings at the same time.
((You can use your tentacles to constrict many enemies at once.))
((Your skin changes colour to match your surroundings (Stealth).))
((Your rubbery body absorbs attacks (AC +1).))


Message History

Sigmund points at you and mumbles some strange words.
The magic dart hits you!
Cast which spell? (? or * to list)
You turn into a venomous arachnid creature.
Sigmund gestures wildly while chanting.
Sigmund flickers and vanishes!
Deactivating autopickup; reactivate with Ctrl-A.
You hear some strange, mumbled words.
You are confused.
Something hits you.
You're too confused to move!
Your transformation is almost over.
You hear some strange, mumbled words.
The puff of flame misses you. Something barely misses you.
You feel less confused. Something hits you. Something hits you.
Something hits you!
You die...

#..### #<#.......#
#....# #.....(.....
##.#.# #.........#.
#.#.# ###........# #.#.#
#........# #.#.#
#..8...8## #.#.#
#....8...# #.#.#
#$.......#
####.#.#######s.......#
#............#.......#.#
#.##...#####.#......#.#
#.###..# #.#.....#.#.#
#†# #..# #.#....#.## #.#
#..#####.#...#.## #.#
#.....##.#†)#.## #.#
##....<..#.#.## #.#
####.##.##.######.#


There were no monsters in sight!

Vanquished Creatures
  4 bats
  2 giant cockroaches
  3 hobgoblins (D:1)
  A giant gecko (D:1)
  4 giant newts (D:1)
  3 goblins (D:1)
  4 kobolds
  A quokka (D:1)
  3 rats (D:1)
25 creatures vanquished.

Notes
Turn   | Place    | Note
--------------------------------------------------------------
     0 | D:1      | MrRokkomies, the Octopode Transmuter, began the quest for the Orb.
     0 | D:1      | Reached XP level 1. HP: 13/13 MP: 3/3
   226 | D:1      | Reached XP level 2. HP: 16/18 MP: 4/4
   324 | D:1      | Reached skill level 1 in Stealth
  1072 | D:2      | Noticed Sigmund
  1124 | D:2      | Reached XP level 3. HP: 20/24 MP: 6/6
  1130 | D:2      | Learned a level 3 spell: Spider Form
  1204 | D:2      | Slain by Sigmund

Action                   || total
-------------------------++-------
Melee: Unarmed           ||    51
Throw: Throwing net      ||     1
 Cast: Spider Form       ||     1
  Use: Potion            ||     4
 Stab: Sleeping          ||     3
